 Dungeon Crawl Stone Soup version 0.28-a0-872-g80cf8599ee (webtiles) character file.

Game seed: 14259662042497295155

9147 ytrimaz the Cleaver (level 11, -4/75 HPs)
             Began as a Demonspawn Fighter on Nov 20, 2021.
             Was an Elder of Trog.
             Killed from afar by an electric eel (13 damage)
             ... with a bolt of electricity
             ... on level 10 of the Dungeon.
             The game lasted 00:12:04 (10379 turns).

ytrimaz the Cleaver (Demonspawn Fighter)           Turns: 10379, Time: 00:12:05

Health: -4/75      AC: 23    Str: 25    XL:     11   Next: 19%
Magic:  11/11      EV:  7    Int: 10    God:    Trog [****..]
Gold:   310        SH:  6    Dex: 17    Spells: 10/10 levels left

rFire   + . .      SeeInvis +   u - +2 war axe (freeze)
rCold   . . .      Faith    +   c - +0 buckler
rNeg    . . .      Spirit   .   e - +1 plate armour
rPois   .          Reflect  .   (no helmet)
rElec   .          Harm     .   m - +1 cloak
rCorr   .          Rampage  .   (no gloves)
Will    .....                   (no boots)
Stlth   ..........              r - amulet of faith
HPRegen 0.22/turn               C - +6 ring of strength
MPRegen 0.12/turn               s - +4 ring of protection

@: no status effects
A: hooves 2, icy blue scales 2, demonic guardian 2, foul stench 1, see
invisible, agile 2, fire resistance 1, frail 1
a: Renounce Religion, Berserk, Trog's Hand, Brothers in Arms


You were on level 10 of the Dungeon.
You worshipped Trog.
Trog was greatly pleased with you.
You visited 2 branches of the dungeon, and saw 11 of its levels.

You collected 520 gold pieces.
You spent 210 gold pieces at shops.

Inventory:

Hand Weapons
 a - a +1 war axe
 u - a +2 war axe of freezing (weapon)
Missiles
 B - 4 throwing nets (quivered)
Armour
 c - a +0 buckler (worn)
 e - a +1 plate armour (worn)
 m - a +1 cloak (worn)
 t - a +0 tower shield
Jewellery
 d - a ring of magical power
 q - a +4 ring of evasion
 r - an amulet of faith (around neck)
 s - a +4 ring of protection (right hand)
 A - a ring of flight
 C - a +6 ring of strength (left hand)
Wands
 b - a wand of paralysis (9)
 n - a wand of acid (15)
 w - a wand of polymorph (15)
 x - a wand of flame (55)
Scrolls
 i - a scroll of identify
 j - 5 scrolls of enchant weapon
 o - 5 scrolls of teleportation
 v - 3 scrolls of vulnerability
 y - a scroll of enchant armour
Potions
 f - a potion of haste
 g - 4 potions of curing
 h - 6 potions of attraction
 k - a potion of flight
 l - 2 potions of lignification
 p - 2 potions of might
 z - a potion of heal wounds


   Skills:
 + Level 7.2 Fighting
 + Level 11.7 Axes
 + Level 7.7 Armour
 * Level 6.8 Shields


You had 10 spell levels left.
You didn't know any spells.
Your spell library contained the following spells:

 Spells                   Type           Power      Damage    Failure   Level
 Summon Forest            Summ/Tloc      0%         N/A       100%        5
 Eringya's Noxious Bog    Tmut/Pois      0%         N/A       100%        6
 Summon Hydra             Summ           0%         N/A       100%        7


Dungeon Overview and Level Annotations

Branches:
Dungeon (10/15)            Temple (1/1) D:4             Orc (0/2) D:9
   Lair: D:8-11

Altars:
Ashenzari
Cheibriados
Dithmenos
Elyvilon
Fedhas
Gozag
Hepliaklqana
Kikubaaqudgha
Makhleb
Nemelex Xobeh
Okawaru
Qazlal
Ru
Sif Muna
Trog
Uskayaw
Vehumet
Wu Jian
Xom
Yredelemnul
Zin
The Shining One
Beogh

Shops:
D:7 *

Annotations:
D:6 3 runed translucent doors, freelancePsychic's ghost, novice DjVM


Innate Abilities, Weirdness & Mutations

You have hoof-like feet.
You are mostly covered in icy blue scales. (AC +3)
A demonic guardian rushes to your aid.
You may rarely emit foul miasma when damaged in melee.
You have supernaturally acute eyesight. (SInv)
You are very agile. (Dex +4)
Your flesh is heat resistant. (rF+)
You are frail. (-10% HP)


Message History

The electric eel completely resists.
You block the hound's attack.
Found 17 gold pieces.
The electric eel shoots out a bolt of lightning at you!
The bolt of electricity hits you!
A demonic guardian appears!
The hound bites you but does no damage.
An electric eel comes into view.
Unknown command.
You barely miss the electric eel. Your kick misses the electric eel.
You closely miss the hound. You hit the electric eel.
You freeze the electric eel. The hound closely misses you.
The electric eel shoots out a bolt of lightning at you!
The bolt of electricity hits you!
The electric eel shoots out a bolt of lightning at you!
The bolt of electricity hits the electric eel.
The electric eel completely resists.
The bolt of electricity hits you. The hound bites you.
You slash the electric eel!
The electric eel seems to slow down.
You freeze the electric eel. You kick the electric eel.
You kill the electric eel!
Trog accepts your kill.
You hear a splash.
You closely miss the electric eel. You slash the hound! You freeze the hound.
You kill the hound!
Trog accepts your kill.
The electric eel shoots out a bolt of lightning at you!
The bolt of electricity hits you.
* * * LOW HITPOINT WARNING * * *
Unknown command.
You hit the electric eel.
The electric eel seems to slow down.
You freeze the electric eel. You kick the electric eel.
The electric eel is heavily wounded.
Your rust devil barely misses the electric eel.
The electric eel shoots out a bolt of lightning at you!
The bolt of electricity hits you!
* * * LOW HITPOINT WARNING * * *
A demonic guardian appears!
The electric eel shoots out a bolt of lightning at you!
The bolt of electricity hits the electric eel.
The electric eel completely resists.
The bolt of electricity hits you!
You die...

........ .$.........$...
........
........................
......≈.................
≈≈..≈..................<
≈≈.≈≈...................
≈.≈≈≈≈..................
.S≈≈≈≈†4................
≈≈≈≈≈≈S@................
.................###....
≈≈≈≈≈≈S.4+##.....#.#####
≈≈≈≈...... #[....#......
≈≈≈≈≈≈≈....#†.####..##+#
≈≈≈≈≈≈.....#..#.....'...
..≈≈.......#..#.....#...
...........#..'.....#...
..........#..##....#...


You could see 3 electric eels, a friendly hellwing (summoned) and a friendly
rust devil (summoned).

Vanquished Creatures
  Snorg (D:10)
  Harold (D:8)
  Erica (D:8)
  2 two-headed ogres (D:10)
  Psyche (D:8)
  A troll (D:10)
  Prince Ribbit (D:8)
  A shadow (D:9)
  Sigmund (D:3)
  A wyvern (D:8)
  A wraith (D:10)
  4 yaks (D:9)
  A water moccasin (D:7)
  A sky beast (D:6)
  2 orc warriors
  3 ice beasts
  4 black bears
  4 ogres
  A wolf (D:10)
  4 centaurs
  2 phantoms
  3 kobold brigands
  A gnoll sergeant (D:9)
  3 bullfrogs
  A scorpion (D:4)
  4 killer bees (D:9)
  A water moccasin skeleton (D:6)
  2 howler monkeys (D:9)
  An electric eel (D:10)
  A bullfrog zombie (D:6)
  2 centaur zombies (D:8)
  9 hounds
  2 jellies
  8 orc priests
  A gnoll shaman (D:6)
  Ijyb (D:3)
  A centaur skeleton (D:4)
  Crazy Yiuf (D:3)
  An iguana (D:5)
  7 orc wizards
  A hound skeleton (D:5)
  A howler monkey zombie (D:9)
  Robin (D:3)
  7 adders
  5 gnolls
  A shadow imp (D:8)
  A white imp (D:6)
  2 ufetubi
  An adder skeleton (D:5)
  2 dart slugs (D:2)
  26 orcs
  5 ball pythons
  5 endoplasms
  2 giant cockroaches
  14 goblins
  8 hobgoblins
  14 jackals
  5 quokkas
  7 bats
  2 frilled lizards
  10 kobolds
  8 rats
216 creatures vanquished.

Vanquished Creatures (collateral kills)
  An ice beast (D:6)
  An ogre (D:5)
  2 killer bees (D:9)
  A gnoll (D:6)
  An endoplasm (D:4)
6 creatures vanquished.

Vanquished Creatures (others)
  7 fungi (D:1)
  5 plants (D:1)
12 creatures vanquished.

Grand Total: 234 creatures vanquished

Notes
Turn   | Place    | Note
-------+----------+-------------------------------------------
     0 | D:1      | ytrimaz the Demonspawn Fighter began the quest for the Orb.
     0 | D:1      | Reached XP level 1. HP: 18/18 MP: 1/1
   416 | D:1      | Reached skill level 2 in Axes
   416 | D:1      | Gained mutation: A weak demonic guardian rushes to your
                  | aid. [demonic ancestry]
   416 | D:1      | Reached XP level 2. HP: 14/24 MP: 2/2
   679 | D:1      | Found a faded altar of an unknown god.
   802 | D:1      | Prayed at the altar of an unknown god.
   802 | D:1      | Became a worshipper of Trog the Wrathful
   802 | D:1      | Reached * piety under Trog
  1326 | D:2      | Reached XP level 3. HP: 29/29 MP: 3/3
  1565 | D:2      | Gained mutation: Your flesh is heat resistant. (rF+)
                  | [potion of mutation]
  1565 | D:2      | Gained mutation: Your magical capacity is low. (-10% MP)
                  | [potion of mutation]
  1565 | D:2      | Gained mutation: You occasionally shout uncontrollably at
                  | your foes. [potion of mutation]
  1565 | D:2      | Gained mutation: You have a somewhat thin skeletal
                  | structure. (Dex +2, Stealth+) [potion of mutation]
  2223 | D:3      | Noticed Sigmund
  2234 | D:3      | Killed Sigmund
  2234 | D:3      | Noticed Ijyb
  2234 | D:3      | Paralysed by Ijyb for 7 turns
  2235 | D:3      | Reached skill level 4 in Axes
  2235 | D:3      | Reached XP level 4. HP: 23/36 MP: 3/3
  2235 | D:3      | Gained mutation: You have large cloven feet. [demonic
                  | ancestry]
  2235 | D:3      | Reached XP level 5. HP: 26/41 MP: 4/4
  2245 | D:3      | Killed Ijyb
  2612 | D:3      | Found an iron altar of Okawaru.
  2614 | D:3      | Found a sacrificial altar of Ru.
  2614 | D:3      | Found a basalt altar of Yredelemnul.
  2614 | D:3      | Found an ancient bone altar of Kikubaaqudgha.
  2614 | D:3      | Found a shimmering altar of Xom.
  2614 | D:3      | Noticed Robin
  2615 | D:3      | Found a burning altar of Makhleb.
  2620 | D:3      | Reached ** piety under Trog
  2621 | D:3      | Gained mutation: A demonic guardian rushes to your aid.
                  | [demonic ancestry]
  2621 | D:3      | Reached XP level 6. HP: 39/48 MP: 5/5
  2623 | D:3      | Killed Robin
  3080 | D:3      | Found a runed translucent door.
  3081 | D:3      | Noticed Crazy Yiuf
  3087 | D:3      | Killed Crazy Yiuf
  3088 | D:3      | Reached skill level 5 in Axes
  3363 | D:4      | Reached XP level 7. HP: 53/53 MP: 6/6
  3564 | D:4      | Reached skill level 6 in Axes
  3574 | D:4      | Lost mutation: You occasionally shout uncontrollably at
                  | your foes. [potion of mutation]
  3574 | D:4      | Lost mutation: Your magical capacity is low. (-10% MP)
                  | [potion of mutation]
  3574 | D:4      | Gained mutation: You have supernaturally acute eyesight.
                  | (SInv) [potion of mutation]
  3574 | D:4      | Gained mutation: Your body sometimes deteriorates upon
                  | taking damage. [potion of mutation]
  3833 | D:4      | Found a staircase to the Ecumenical Temple.
  4013 | Temple   | Entered the Ecumenical Temple
  4082 | D:5      | Entered Level 5 of the Dungeon
  4169 | D:5      | Reached skill level 7 in Axes
  4169 | D:5      | Gained mutation: You are partially covered in icy blue
                  | scales. (AC +2) [demonic ancestry]
  4169 | D:5      | Reached XP level 8. HP: 19/60 MP: 8/8
  4799 | D:5      | Reached skill level 8 in Axes
  5418 | D:6      | Reached skill level 5 in Armour
  5772 | D:6      | Found an opulent altar of Gozag.
  5835 | D:6      | Gained mutation: You are mostly covered in icy blue scales.
                  | (AC +3) [demonic ancestry]
  5835 | D:6      | Reached XP level 9. HP: 67/67 MP: 9/9
  5871 | D:6      | You fall into a shaft and drop 3 floors!
  5887 | D:9      | Reached skill level 5 in Fighting
  5895 | D:9      | Reached skill level 9 in Axes
  5905 | D:9      | Reached *** piety under Trog
  6345 | D:8      | Noticed Psyche
  6353 | D:8      | Killed Psyche
  6851 | D:6      | Reached skill level 10 in Axes
  6866 | D:6      | Found a runed translucent gate.
  6866 | D:6      | Found a runed translucent gate.
  6866 | D:6      | Found an opulent altar of Gozag.
  6867 | D:6      | Found a runed translucent gate.
  6870 | D:6      | Noticed freelancePsychic's ghost (novice DjVM)
  6967 | D:6      | Reached skill level 5 in Shields
  7201 | D:7      | Lost mutation: Your body sometimes deteriorates upon taking
                  | damage. [potion of mutation]
  7201 | D:7      | Lost mutation: You have a somewhat thin skeletal structure.
                  | (Dex +2, Stealth+) [potion of mutation]
  7201 | D:7      | Gained mutation: You are agile. (Dex +2) [potion of
                  | mutation]
  7201 | D:7      | Gained mutation: You are frail. (-10% HP) [potion of
                  | mutation]
  7201 | D:7      | Gained mutation: You are very agile. (Dex +4) [potion of
                  | mutation]
  7286 | D:7      | Found Poth's General Store.
  7324 | D:7      | Bought a scroll of enchant weapon for 105 gold pieces
  7324 | D:7      | Bought a scroll of enchant weapon for 105 gold pieces
  7658 | D:7      | Gained mutation: You have hoof-like feet. [demonic
                  | ancestry]
  7658 | D:7      | Reached XP level 10. HP: 53/68 MP: 10/10
  8211 | D:8      | Reached **** piety under Trog
  8347 | D:8      | Noticed Prince Ribbit
  8367 | D:8      | Killed Prince Ribbit
  8511 | D:8      | Noticed Harold
  8525 | D:8      | Killed Harold
  8581 | D:8      | Noticed Erica
  8596 | D:8      | Killed Erica
  9100 | D:9      | Reached skill level 11 in Axes
  9719 | D:9      | Found a staircase to the Orcish Mines.
  9928 | D:10     | Entered Level 10 of the Dungeon
  9956 | D:10     | Noticed a two-headed ogre
  9962 | D:10     | Killed a two-headed ogre
  9963 | D:10     | Noticed a two-headed ogre
  9972 | D:10     | Killed a two-headed ogre
  9973 | D:10     | Gained mutation: You may rarely emit foul miasma when
                  | damaged in melee. [demonic ancestry]
  9973 | D:10     | Reached XP level 11. HP: 53/75 MP: 11/11
 10012 | D:10     | Noticed Snorg
 10024 | D:10     | Killed Snorg
 10379 | D:10     | Killed from afar by an electric eel

Illustrated notes

Levels and vault maps discovered:
D:1:      onia_arrival_mini_maze, layout_loops_cross,
          shapermc_ecumenical_altar_mp_urbaneastern
D:2:      layout_basic
D:3:      layout_rooms, grunt_temple_overflow_open, st_stairs_5, uniq_robin,
          uniq_crazy_yiuf_cottage, uniq_sigmund, uniq_ijyb
D:4:      layout_rooms, minmay_temple_entry_hall
D:5:      layout_basic
D:6:      layout_loops_ring, mainiacjoe_overflow_six_doors_small,
          ebering_ghost_gozag, minmay_chambers_of_fives
D:7:      layout_gridville, serial_shops, nicolae_shop_trees
D:8:      layout_cave_pools, uniq_psyche, uniq_erica, uniq_harold,
          uniq_prince_ribbit1
D:9:      layout_long_grid, minmay_orc_entry_temple_small
D:10:     layout_irregular_city, erik_lair_island, uniq_snorg
Temple:   eino_wide_crystal_templ

Skill      XL: |  1  2  3  4  5  6  7  8  9 10 |
---------------+-------------------------------+-----
Axes           | 2 4 5 7 8 10 11 | 11.7
Armour         | 3 4 5 6 7 |  7.7
Shields        | 3 5 6 |  6.8
Fighting       | 4 5 7 |  7.2

Action                   |  1- 3 |  4- 6 |  7- 9 | 10-12 || total
-------------------------+-------+-------+-------+-------++-------
Melee: War axe           |   145 |    69 |   301 |   133 ||   648
       Kick              |       |    15 |    93 |    59 ||   167
Invok: Berserk           |     1 |     3 |     4 |     4 ||    12
       Trog's Hand       |       |       |     2 |     2 ||     4
  Use: Scroll            |     2 |     2 |    11 |     2 ||    17
       Potion            |     2 |       |     2 |       ||     4
Armor: Plate armour      |   141 |    77 |   207 |    90 ||   515
       Scale mail        |     4 |       |       |       ||     4
Dodge: Dodged            |    33 |    27 |   119 |    44 ||   223
Block: Buckler           |    30 |    25 |    77 |    43 ||   175

Table legend: (Time is in decaauts)
 A = Elapsed time spent in this place.
 B = Non-inter-level travel time spent in this place.
 C = Inter-level travel time spent in this place.
 D = Time resting spent in this place.
 E = Time spent auto-exploring this place.
 F = Levels seen in this place.
 G = Mean time per level.
                   A        B        C        D        E       F      G
               +--------+--------+--------+--------+--------+-----+--------+
         Total |  10614 |  10216 |    398 |   1181 |   7334 |  11 |  964.9 |
       Dungeon |  10555 |  10169 |    386 |   1181 |   7301 |  10 | 1055.5 |
        Temple |     58 |     46 |     12 |      0 |     33 |   1 |   58.0 |
               +--------+--------+--------+--------+--------+-----+--------+

Top non-repeatable levels by time:
     D:9: 1408 daAuts
     D:1: 1284 daAuts
     D:6: 1267 daAuts
     D:4: 1158 daAuts
     D:7: 1017 daAuts
     D:5: 1006 daAuts
     D:8: 1005 daAuts
     D:2: 1005 daAuts
     D:3: 933 daAuts
    D:10: 468 daAuts
  Temple: 58 daAuts
